 Dungeon Sprint DCSS version 0.27-a0-695-gb4952372f7 (webtiles) character file.

Game seed: 17466032380185839055

491 mhtbhm the Basher (level 6, -1/106 HPs)
             Began as a Troll Berserker on Mar 21, 2021.
             Was a High Priest of Trog.
             Slain by a hornet (2 damage)
             ... while paralysed by a hornet
             ... in the Dungeon (Sprint VII: "The Pits").
             The game lasted 00:01:27 (371 turns).

mhtbhm the Basher (Troll Berserker)                  Turns: 371, Time: 00:01:27

Health: -1/106     AC:  4    Str: 28    XL:     6   Next: 91%
Magic:  5/5        EV:  1    Int:  3    God:    Trog [*****.]
Gold:   0          SH:  0    Dex:  9    Spells: 5/5 levels left

rFire    . . .     SeeInvis .   a - +2 mace (vorpal)
rCold    . . .     Faith    .   (no shield)
rNeg     . . .     Spirit   .   b - +0 animal skin
rPois    .         Reflect  .   (helmet restricted)
rElec    .         Harm     .   (no cloak)
rCorr    .         Rampage  .   (gloves unavailable)
Will     .....     NoTele   +   (boots unavailable)
Stlth    ..........             (no amulet)
HPRegen  1.27/turn              (no ring)
MPRegen  0.09/turn              (no ring)

@: paralysed, berserking (expiring), lethally poisoned (-1 -> -13), slowed
A: large, unfitting armour, claws 3, regeneration 1, shaggy fur 1, tough skin 1
a: Renounce Religion, Berserk, Trog's Hand, Brothers in Arms


You were in the Dungeon.
You worshipped Trog.
Trog was extremely pleased with you.
You visited 1 branch

Inventory:

Hand Weapons
 a - a +2 vorpal mace (weapon)
Armour
 b - a +0 animal skin (worn)
Scrolls
 h - a scroll of blinking
 j - a scroll of summoning
Potions
 c - 6 potions of curing
 d - 6 potions of heal wounds
 e - a potion of haste
 f - 4 potions of magic
 g - 3 potions of berserk rage
 i - 2 potions of invisibility


   Skills:
 + Level 7.3 Fighting
 + Level 9.2 Maces & Flails
 + Level 7.0 Dodging
 - Level 0.1 Stealth


You had 5 spell levels left.
You didn't know any spells.
Your spell library was empty.

Dungeon Overview and Level Annotations

Branches:
Dungeon (1/1)

Altars:
Cheibriados
Dithmenos
Elyvilon
Fedhas
Gozag
Hepliaklqana
Makhleb
Nemelex Xobeh
Okawaru
Qazlal
Ru
Sif Muna
Trog
Wu Jian
Xom
Yredelemnul
Zin
The Shining One
Jiyva


Innate Abilities, Weirdness & Mutations

You are too large for most types of armour.
You have claws for hands.
Your natural rate of healing is unusually fast.
You are covered in fur. (AC +1)
You have tough skin. (AC +1)


Message History

You feel sick. The hornet stings you.
You are more poisoned.
You feel as though you will be slow longer.
You feel sick. The hornet stings you!
You are more poisoned.
You feel as though you will be slow longer.
The hornet stings you!
You shrug off the repeated paralysis!
You feel very sick. The hornet stings you!
You feel as though you will be slow longer.
You can move again.
Unknown command.
You miss the hornet.
The hornet is moderately wounded.
You feel sick. The hornet stings you.
You are more poisoned.
You feel as though you will be slow longer.
You hit the hornet.
The hornet is severely wounded.
You feel very sick. The hornet stings you!
You shrug off the repeated paralysis!
The hornet stings you!
You feel as though you will be slow longer.
You miss the hornet.
The hornet is severely wounded.
You feel very sick. The hornet barely misses you.
You barely miss the hornet.
The hornet is severely wounded.
You feel sick. The hornet stings you!
* * * LOW HITPOINT WARNING * * *
You feel as though you will be slow longer.
The hornet stings you!
* * * LOW HITPOINT WARNING * * *
You are more poisoned.
You suddenly lose the ability to move!
* * * LOW HITPOINT WARNING * * *
You feel very sick. The hornet stings you.
You die...

#.#...)))[.##.......#
#)###########.......#
#..#.#.## #########
#.......# ##.#.#.##
#.......#+#
##.#.#.##.+
#..(....#y#
##.#.#..'@#
##########


You could see a hornet.

Vanquished Creatures
  2 floating eyes (D)
  An ice beast (D)
  An ogre (D)
  A phantom (D)
  A mummy (D)
  An adder (D)
  An ooze (D)
  An adder skeleton (D)
  An orc (D)
  2 giant cockroaches (D)
  A quokka (D)
  A ball python (D)
  A bat (D)
  A frilled lizard (D)
  A kobold (D)
17 creatures vanquished.

Notes
Turn   | Place    | Note
-------+----------+-------------------------------------------
     0 | D        | mhtbhm the Troll Berserker began the quest for the Orb.
     0 | D        | Reached XP level 1. HP: 22/22 MP: 0/0
    16 | D        | Reached skill level 3 in Maces & Flails
    16 | D        | Reached XP level 2. HP: 25/31 MP: 1/1
    67 | D        | Reached ** piety under Trog
   186 | D        | Noticed a floating eye
   188 | D        | Paralysed by a floating eye for 4 turns
   193 | D        | Killed a floating eye
   193 | D        | Reached *** piety under Trog
   194 | D        | Reached skill level 5 in Fighting
   194 | D        | Reached skill level 5 in Maces & Flails
   194 | D        | Reached skill level 5 in Dodging
   194 | D        | Reached XP level 3. HP: 42/42 MP: 2/2
   194 | D        | Reached XP level 4. HP: 50/50 MP: 3/3
   195 | D        | Noticed a phantom
   202 | D        | Killed a phantom
   203 | D        | Reached skill level 6 in Maces & Flails
   203 | D        | Reached XP level 5. HP: 38/59 MP: 4/4
   241 | D        | Found a bloodstained altar of Trog.
   241 | D        | Found a shimmering blue altar of Sif Muna.
   241 | D        | Found a viscous altar of Jiyva.
   241 | D        | Found a hazy altar of Hepliaklqana.
   241 | D        | Found an opulent altar of Gozag.
   242 | D        | Found a glowing golden altar of the Shining One.
   242 | D        | Found a glowing silver altar of Zin.
   242 | D        | Found a basalt altar of Yredelemnul.
   242 | D        | Found a shimmering altar of Xom.
   242 | D        | Found an ornate altar of the Wu Jian Council.
   242 | D        | Found a sacrificial altar of Ru.
   242 | D        | Found a stormy altar of Qazlal.
   242 | D        | Found an iron altar of Okawaru.
   242 | D        | Found a sparkling altar of Nemelex Xobeh.
   242 | D        | Found a burning altar of Makhleb.
   242 | D        | Found a blossoming altar of Fedhas.
   242 | D        | Found a white marble altar of Elyvilon.
   242 | D        | Found a shadowy altar of Dithmenos.
   242 | D        | Found a snail-covered altar of Cheibriados.
   273 | D        | Reached **** piety under Trog
   293 | D        | Noticed an ogre
   294 | D        | Noticed a floating eye
   302 | D        | Killed a floating eye
   303 | D        | Reached skill level 7 in Maces & Flails
   303 | D        | Reached XP level 6. HP: 68/68 MP: 5/5
   307 | D        | Reached skill level 8 in Maces & Flails
   341 | D        | Reached ***** piety under Trog
   350 | D        | Noticed an ice beast
   357 | D        | Killed an ice beast
   358 | D        | Reached skill level 9 in Maces & Flails
   360 | D        | Noticed a hornet
   363 | D        | Paralysed by a hornet for 3 turns
   370 | D        | HP: 3/106 [hornet (15)]
   370 | D        | Paralysed by a hornet for 3 turns
   371 | D        | HP: 1/106 [poisoned by a hornet]
   371 | D        | Slain by a hornet

Illustrated notes

Levels and vault maps discovered:
D:        pitsprint [storerooms_1, entrance_room_1, metal_vault_1, armoury_2,
          mini_pit_1, grid_room_1, main_hall_1, silver_pit, the_coven_1,
          the_vestibule_1, steel_vault_5, golden_pit, hallway_of_sentries,
          crystal_vault_4, iron_vault_1, final_vault]

Skill      XL: |  1  2  3  4  5  6 |
---------------+-------------------+-----
Fighting       | 3 5 6 7 |  7.3
Maces & Flails | 3 5 6 7 9 |  9.2
Dodging        | 3 5 6 7 |  7.0
Stealth        | |  0.1

Action                   |  1- 3 |  4- 6 || total
-------------------------+-------+-------++-------
Melee: Mace              |    24 |    38 ||    62
Invok: Berserk           |       |     2 ||     2
Armor: Animal skin       |    13 |    11 ||    24
Dodge: Dodged            |    11 |    10 ||    21

Table legend: (Time is in decaauts)
 A = Elapsed time spent in this place.
 B = Non-inter-level travel time spent in this place.
 C = Inter-level travel time spent in this place.
 D = Time resting spent in this place.
 E = Time spent auto-exploring this place.
 F = Levels seen in this place.
 G = Mean time per level.
                   A        B        C        D        E       F      G
               +--------+--------+--------+--------+--------+-----+--------+
         Total |    380 |    380 |      0 |    126 |     23 |   1 |  380.0 |
       Dungeon |    380 |    380 |      0 |    126 |     23 |   1 |  380.0 |
               +--------+--------+--------+--------+--------+-----+--------+

Top non-repeatable levels by time:
       D: 380 daAuts
